 Dungeon Crawl Stone Soup version 0.31-a0-640-g39d97e502b (webtiles) character file.

Game seed: 7768323044917884358

499 qw the Shooter (level 7, -4/43 HPs)
             Began as a Gargoyle Hunter on Aug 27, 2023.
             Killed by divine providence
             ... invoked by an orc priest
              (16 damage)
             ... on level 5 of the Dungeon.
             The game lasted 00:01:34 (3484 turns).

qw the Shooter (Gargoyle Hunter)                    Turns: 3484, Time: 00:01:35

Health: -4/43      AC: 13    Str: 14    XL:     7   Next: 16%
Magic:  7/7        EV: 10    Int: 10    God:
Gold:   165        SH:  0    Dex: 15    Spells: 6/6 levels left

rFire   . . .        Y - +0 orcbow
rCold   . . .        (shield currently unavailable)
rNeg    + . .        g - +0 ring mail
rPois   inf          (no helmet)
rElec   +            (no cloak)
rCorr   .            (no gloves)
SInv    .            e - +2 pair of boots
Will    .....        (no amulet)
Stlth   +            (no ring)
HPRegen 0.27/turn    (no ring)
MPRegen 0.10/turn

%: no passive effects
@: no status effects
A: sickness immunity, AC +4, negative energy resistance 1, electricity
resistance, torment resistance 1, petrification resistance
a: no special abilities


You were on level 5 of the Dungeon.
You visited 1 branch of the dungeon, and saw 5 of its levels.
You also visited: Sewer.

You collected 215 gold pieces.
You spent 50 gold pieces at shops.


Innate Abilities, Weirdness & Mutations

You are immune to sickness and miasma.
Your stone body is resilient. (AC +4)
You are immune to poison.
You resist negative energy. (rN+)
You are resistant to electric shocks. (rElec)
You are resistant to unholy torment.
You are immune to petrification.


   Skills:
 - Level 4.1 Fighting
 + Level 7.6 Ranged Weapons
 - Level 1.0 Armour
 - Level 1.5 Dodging
 - Level 1.1 Stealth


You had 6 spell levels left.
You didn't know any spells.
Your spell library was empty.

Inventory:

Hand Weapons
 Y - a +0 orcbow (weapon)
Armour
 e - a +2 pair of boots (worn)
 g - a +0 ring mail (worn)
Scrolls
 a - a scroll of identify
 c - 2 scrolls of teleportation
Potions
 b - 3 potions of heal wounds
 d - 3 potions of cancellation
 j - a potion of might
 l - a potion of ambrosia {unknown}

Dungeon Overview and Level Annotations

Branches:
Dungeon (5/15)              Sewer (visited)
 Temple: D:4-7

Altars:
Cheibriados
Uskayaw
Wu Jian
Xom

Shops:
D:2 *


Message History

The iguana barely misses you.
3476 ||| Stepping ~*~*~tactically~*~*~ (retreating).
Found a dyed leather armour and a flux talisman.
Menkaure attacks as he pursues you! Menkaure hits you but does no damage.
An orc comes into view. It is wielding a +0 trident.
The iguana completely misses you.
3477 ||| Stepping ~*~*~tactically~*~*~ (retreating).
An orc wizard comes into view. It is wielding a +0 dagger.
3478 ||| Stepping ~*~*~tactically~*~*~ (retreating).
Menkaure attacks as he pursues you! Menkaure hits you.
You shoot an arrow. The arrow hits Menkaure.
Menkaure is lightly damaged.
Menkaure hits you but does no damage.
You shoot an arrow. The arrow hits Menkaure.
Menkaure is lightly damaged.
You hear a shout!
An orc wizard comes into view.
It is wielding a +2 dagger of holy wrath.
Menkaure closely misses you.
You shoot an arrow. The arrow barely misses Menkaure.
The arrow hits the orc wizard!
The orc wizard is heavily wounded.
The orc wizard mumbles some strange words.
The orc wizard flickers and vanishes!
Deactivating autopickup; reactivate with Ctrl-A.
You shoot an arrow. The arrow hits Menkaure!
Menkaure is severely damaged.
The orc wizard gestures at you while chanting.
You are confused.
Menkaure hits you but does no damage.
3483 ||| DRINKING potion of curing.
You feel better.
3483 ||| (to cure confusion) Menkaure hits you!
You shoot an arrow. The arrow hits Menkaure!
You destroy Menkaure!
You hear some strange, mumbled words.
A puff of flame appears from out of thin air!
The puff of flame hits you.
The orc priest mumbles some strange prayers to Beogh against you.
Beogh smites you!
You die...

#..|.. #.#..#
#..... #.~~~ #
##.~..
#.#..~.#####
##....~{o...#
......~.#l_.#
##...z~@#.....~..#
#.#.z~.#####o~..#
#.....~.. ?~..#
#..##[~~~~ ~..# ..
#..oo.. ..## #
##...### ## ..###
.#


You could see 2 wights, an orc priest and 2 orc wizards.

Vanquished Creatures
  Menkaure (D:5)
  A water moccasin (Sewer)
  A black bear (D:4)
  A jelly (D:4)
  2 hounds
  An iguana (D:5)
  A gnoll (D:5)
  A river rat (D:3)
  4 adders
  A white imp (D:5)
  A worm (D:3)
  A dart slug (D:4)
  6 orcs
  9 ball pythons
  7 endoplasms
  9 giant cockroaches
  7 goblins
  6 hobgoblins
  11 jackals
  7 quokkas
  7 bats
  7 frilled lizards
  7 kobolds
  12 rats
111 creatures vanquished.

Notes
Turn   | Place    | Note
-------+----------+-------------------------------------------
     0 | D:1      | qw the Gargoyle Hunter began the quest for the Orb.
     0 | D:1      | Reached XP level 1. HP: 12/12 MP: 1/1
     0 | D:1      | 0 ||| qw: Version: 0.3-a-74-g0d5e918
     0 | D:1      | 0 ||| qw: Game counter: 119
     0 | D:1      | 0 ||| qw: Melee chars always use a shield: true
     0 | D:1      | 0 ||| qw: God list: Okawaru
     0 | D:1      | 0 ||| qw: Allow faded altars: false
     0 | D:1      | 0 ||| qw: Do Orc after clearing Dungeon:15 true
     0 | D:1      | 0 ||| qw: Do second Lair branch before Depths: true
     0 | D:1      | 0 ||| qw: Lair rune preference: random
     0 | D:1      | 0 ||| qw: Goals: Normal
     0 | D:1      | 0 ||| PLANNING D:1-11
    47 | D:1      | Reached XP level 2. HP: 14/17 MP: 2/2
   424 | D:1      | Reached XP level 3. HP: 21/21 MP: 3/3
   482 | D:1      | Reached skill level 5 in Ranged Weapons
   768 | D:1      | 768 ||| READING 3 scrolls labelled CEUNUB NAXIHEA.
   769 | D:1      | 769 ||| READING scroll labelled BIOSIA IVERHAS.
   770 | D:1      | 770 ||| DRINKING 4 fuming orange potions.
   771 | D:1      | 771 ||| READING 2 scrolls of identify.
   771 | D:1      | 771 ||| IDENTIFYING inky potion
   772 | D:1      | 772 ||| DROPPING scroll of butterflies.
   948 | D:2      | Found Ginn's General Store.
   957 | D:2      | 957 ||| SHOPLISTING +0 troll leather armour (150 gold, have
                  | 55).
   957 | D:2      | 957 ||| BUYING potion of heal wounds (50 gold).
   957 | D:2      | Bought a potion of heal wounds for 50 gold pieces
  1053 | D:2      | Reached skill level 3 in Fighting
  1061 | D:2      | Found a shimmering altar of Xom.
  1120 | D:2      | Reached XP level 4. HP: 28/28 MP: 4/4
  1454 | D:2      | 1454 ||| UPGRADING to +0 ring mail.
  1464 | D:2      | 1464 ||| DROPPING +0 leather armour.
  1465 | D:2      | 1465 ||| READING scroll labelled QOEHOR BURIPP.
  1466 | D:2      | 1466 ||| READING 4 scrolls of identify.
  1466 | D:2      | 1466 ||| IDENTIFYING fuming dark potion
  1467 | D:2      | 1467 ||| DROPPING potion of attraction.
  1474 | D:3      | Found a faded altar of an unknown god.
  1475 | D:3      | 1475 ||| PLANNING SEWER
  1551 | D:3      | Reached skill level 1 in Armour
  1969 | D:3      | Reached XP level 5. HP: 32/32 MP: 5/5
  1977 | D:3      | Found a glowing drain.
  1978 | D:3      | 1978 ||| Stepping ~*~*~tactically~*~*~ (water).
  2007 | D:3      | 2007 ||| UPGRADING to +0 pair of boots.
  2012 | D:3      | 2012 ||| READING 2 scrolls of enchant armour.
  2012 | D:3      | 2012 ||| ENCHANTING +0 pair of boots.
  2013 | D:3      | 2013 ||| READING scroll of enchant armour.
  2013 | D:3      | 2013 ||| ENCHANTING +1 pair of boots.
  2014 | D:3      | 2014 ||| READING scroll labelled UPPAMMOAMA.
  2019 | D:3      | 2019 ||| READING scroll labelled JIGEOK VUICOL.
  2020 | D:3      | 2020 ||| READING scroll labelled LUPNALELOMA.
  2021 | D:3      | 2021 ||| DRINKING 2 murky clear potions.
  2116 | Sewer    | Entered a sewer
  2144 | Sewer    | Noticed a water moccasin
  2160 | Sewer    | HP: 3/32 [water moccasin (7)]
  2161 | Sewer    | 2161 ||| DRINKING potion of heal wounds.
  2166 | Sewer    | Killed a water moccasin
  2167 | Sewer    | Reached skill level 6 in Ranged Weapons
  2167 | Sewer    | Reached XP level 6. HP: 22/37 MP: 6/6
  2281 | Sewer    | 2281 ||| READING 3 scrolls of identify.
  2281 | Sewer    | 2281 ||| IDENTIFYING brown potion
  2282 | Sewer    | 2282 ||| READING 2 scrolls of identify.
  2282 | Sewer    | 2282 ||| IDENTIFYING murky coppery potion
  2283 | Sewer    | 2283 ||| DROPPING potion of invisibility.
  2284 | Sewer    | 2284 ||| DROPPING potion of brilliance.
  2301 | D:3      | 2301 ||| PLANNING D:1-11
  2440 | D:3      | 2440 ||| SWAPPING to +0 orcbow.
  2441 | D:3      | 2441 ||| DROPPING +0 shortbow.
  2584 | D:4      | Found an ornate altar of the Wu Jian Council.
  2762 | D:4      | Noticed a black bear
  2774 | D:4      | Killed a black bear
  2775 | D:4      | Reached skill level 7 in Ranged Weapons
  3184 | D:4      | Found a snail-covered altar of Cheibriados.
  3243 | D:4      | 3243 ||| READING scroll labelled APIUDI YPHI.
  3244 | D:4      | 3244 ||| READING 2 scrolls of identify.
  3244 | D:4      | 3244 ||| IDENTIFYING sedimented puce potion
  3245 | D:4      | 3245 ||| DROPPING potion of magic.
  3265 | D:5      | Entered Level 5 of the Dungeon
  3304 | D:5      | Reached XP level 7. HP: 35/43 MP: 7/7
  3340 | D:5      | 3340 ||| STAIRDANCE
  3451 | D:5      | 3451 ||| Stepping ~*~*~tactically~*~*~ (outnumbered).
  3453 | D:5      | 3453 ||| Stepping ~*~*~tactically~*~*~ (outnumbered).
  3454 | D:5      | 3454 ||| Stepping ~*~*~tactically~*~*~ (outnumbered).
  3464 | D:5      | HP: 3/43 [gnoll sergeant/+2 spear of venom (12)]
  3465 | D:5      | 3465 ||| READING 3 scrolls of teleportation.
  3466 | D:5      | 3466 ||| DRINKING 4 potions of heal wounds.
  3469 | D:5      | Found a hide-covered altar of Uskayaw.
  3472 | D:5      | Noticed Menkaure
  3473 | D:5      | 3473 ||| RETREATING.
  3475 | D:5      | 3475 ||| Stepping ~*~*~tactically~*~*~ (retreating).
  3476 | D:5      | 3476 ||| Stepping ~*~*~tactically~*~*~ (retreating).
  3477 | D:5      | 3477 ||| Stepping ~*~*~tactically~*~*~ (retreating).
  3478 | D:5      | 3478 ||| Stepping ~*~*~tactically~*~*~ (retreating).
  3483 | D:5      | 3483 ||| DRINKING potion of curing.
  3483 | D:5      | 3483 ||| (to cure confusion)
  3484 | D:5      | Killed Menkaure
  3484 | D:5      | Killed from afar by an orc priest

Levels and vault maps discovered:
D:1:      onia_arrival_handbag, layout_basic, minmay_lizard_pond
D:2:      layout_basic, basic_altar, serial_shops, shop,
          guppyfry_early_lair_pool
D:3:      layout_basic, nicolae_ecumenical_pavilion, portal_sewer_entry_e,
          minmay_misc_feat_five
D:4:      layout_loops_ring, nicolae_overflow_hidden_temple,
          nicolae_wu_jian_immortal_techniques
D:5:      layout_loops_ring, mainiacjoe_overflow_surrounded_room,
          mainiacjoe_overflow_brackets, uniq_menkaure, uniq_eustachio

Skill      XL: |  1  2  3  4  5  6 |
---------------+-------------------+-----
Ranged Weapons | 5 6 7 |  7.6
Fighting       | 3 4 |  4.1
Armour         | 1 |  1.0
Dodging        | |  1.5
Stealth        | |  1.1

Action                     |  1- 3 |  4- 6 |  7- 9 || total
---------------------------+-------+-------+-------++-------
   Fire: Shortbow          |   131 |   147 |       ||   278
         Orcbow            |       |    81 |    38 ||   119
    Use: Scroll            |     3 |    11 |     1 ||    15
         Potion            |     1 |     2 |     2 ||     5
 Armour: Leather armour    |    23 |     6 |       ||    29
         Ring mail         |       |    78 |    15 ||    93
  Dodge: Dodged            |    19 |   107 |    27 ||   153

Table legend:
 A = Non-vault XP
 B = Vault XP
 C = Vault XP percentage of total XP
 D = Non-vault monster count
 E = Vault monster count
 F = Vault count percentage of total count
                 A         B        C        D         E       F
            +---------+---------+-------+---------+---------+-------
      Total |     524 |     358 |  40.6 |      91 |      20 |  18.0
            +---------+---------+-------+---------+---------+-------
        D:1 |      37 |       9 |  19.6 |      25 |       8 |  24.2
        D:2 |      73 |       0 |   0.0 |      28 |       0 |   0.0
        D:3 |      39 |      25 |  39.1 |      18 |       8 |  30.8
        D:4 |     269 |       0 |   0.0 |      15 |       0 |   0.0
        D:5 |     106 |     169 |  61.5 |       5 |       1 |  16.7
      Sewer |       0 |     155 | 100.0 |       0 |       3 | 100.0
            +---------+---------+-------+---------+---------+-------
